 Dungeon Crawl Stone Soup version 0.30-a0-782-ge64f9170bb (webtiles) character file.

Game seed: 2020335779601769400

3175 theswoord the Cruncher (level 9, -5/61 HPs)
             Began as a Demonspawn Gladiator on Feb 18, 2023.
             Slain by a wraith (7 damage)
             ... on level 7 of the Dungeon.
             The game lasted 00:13:17 (6649 turns).

theswoord the Cruncher (Demonspawn Gladiator)       Turns: 6649, Time: 00:13:17

Health: -5/61      AC:  9    Str: 18    XL:     9   Next: 63%
Magic:  9/9        EV: 11    Int: 10    God:
Gold:   423        SH:  0    Dex: 19    Spells: 8/8 levels left

rFire   + . .      SeeInvis .    z - +3 lajatang (elec)
rCold   . . .      Faith    .    (shield currently unavailable)
rNeg    . . .      Spirit   .    i - +0 scale mail {wash walidik 3arfinq katkfet}
rPois   .          Reflect  .    c - +1 helmet
rElec   .          Harm     +    (no cloak)
rCorr   .          Rampage  +    g - +0 pair of gloves
Will    .....                    (boots unavailable) Stlth
                                 C - amulet "Goj Anlo" {RegenMP Harm Rampage Fragile Dex+4}
HPRegen 0.30/turn                n - ring of protection from fire
MPRegen 0.51/turn                (no ring)

@: slowed, very slow
A: hooves 3, powered by pain 1, condensation shield
a: no special abilities


You were on level 7 of the Dungeon.
You visited 2 branches of the dungeon, and saw 8 of its levels.
You also visited: Sewer.

You collected 423 gold pieces.

Inventory:

Hand Weapons
 a - a +0 quarterstaff
 v - a +2 quarterstaff of chaos
 z - a +3 lajatang of electrocution (weapon)
Missiles
 d - a throwing net (quivered)
 e - 7 javelins
Armour
 b - a +0 leather armour
 c - a +1 helmet (worn)
 g - a +0 pair of gloves (worn)
 i - a +0 scale mail (worn) {wash walidik 3arfinq katkfet}
 k - a +0 pair of boots
 u - a +1 cloak
 y - a +1 helmet
 A - a +1 helmet
Jewellery
 n - a ring of protection from fire (left hand)
 r - a ring of fire
 C - the amulet "Goj Anlo" (around neck) {RegenMP Harm Rampage Fragile Dex+4}
   (You found it on level 6 of the Dungeon)

   [amulet of magic regeneration]

   It increases your rate of magic regeneration.
   Dex:       It affects your dexterity (+4).
   Fragile:   It will be destroyed if unequipped.
   Harm:      It increases damage dealt and taken.
   Rampage:   It bestows one free step when moving towards enemies.
Scrolls
 f - 2 scrolls of fog
 j - 7 scrolls of identify
 s - 2 scrolls of enchant armour
 w - 2 scrolls of immolation
 B - a scroll of summoning
 D - 2 scrolls of teleportation
 G - a scroll of blinking
Potions
 h - 3 potions of curing
 l - 2 potions of ambrosia
 m - 4 potions of heal wounds
 o - 2 potions of invisibility
 p - 3 potions of mutation
 q - a potion of degeneration
 t - 4 potions of cancellation
 E - a potion of flight


   Skills:
 - Level 2.0 Fighting
 + Level 9.8 Staves
 - Level 1.7 Throwing
 - Level 2.6 Dodging
 + Level 9.7 Necromancy


You had 8 spell levels left.
You didn't know any spells.
Your spell library contained the following spells:

 Spells                   Type           Power      Damage    Failure   Level
 Sublimation of Blood     Necr           19%        N/A       3%          2
 Dispel Undead            Necr           19%        3d11      24%         4
 Cigotuvi's Dreadful Rot  Necr/Pois/Air  12%        N/A       45%         2
 Wereblood                Tmut           0%         N/A       89%         2
 Ozocubu's Armour         Ice            0%         N/A       98%         3
 Tukima's Dance           Hex            0%         N/A       98%         3
 Death Channel            Necr           9%         N/A       98%         6
 Passage of Golubria      Tloc           0%         N/A       100%        4
 Metabolic Englaciation   Hex/Ice        0%         N/A       100%        5
 Yara's Violent Unravell  Hex/Tmut       0%         3d3       100%        5
 Simulacrum               Ice/Necr       4%         N/A       100%        6
 Summon Hydra             Summ           0%         N/A       100%        7


Dungeon Overview and Level Annotations

Branches:
Dungeon (7/15)             Temple (1/1) D:5           Sewer (visited)

Altars:
Ashenzari
Cheibriados
Dithmenos
Fedhas
Gozag
Hepliaklqana
Makhleb
Nemelex Xobeh
Okawaru
Qazlal
Ru
Trog
Uskayaw
Vehumet
Wu Jian
Xom
Yredelemnul

Shops:
D:3 (


Innate Abilities, Weirdness & Mutations

You have hooves in place of feet.
You sometimes gain a little power by taking damage.
A meltable shield of frost defends you. (SH +0)


Message History

Your kobold hits the gnoll with a +0 club.
Your kobold hits the wraith but does no damage.
The gnoll misses you.
The gnoll hits something with a +0 club.
The wraith barely misses you.
The gnoll sergeant hits you from afar with a +3 spear of flaming.
Your kobold hits the wraith with a +0 dagger.
The gnoll closely misses your kobold.
You barely miss the wraith. You kick the wraith.
Your kobold brigand closely misses the wraith.
Your kobold says, "theswoord, I like you."
Your kobold throws a stone.
The stone barely misses the gnoll.
The stone hits the gnoll sergeant.
Your kobold hits the gnoll but does no damage.
The gnoll closely misses you. The wraith hits you!
* * * LOW HITPOINT WARNING * * *
The wraith drains your vigour!
You feel yourself slow down. The gnoll sergeant closely misses you.
You closely miss the wraith.
Your kobold throws a stone.
The stone barely misses the gnoll sergeant.
The stone barely misses the wraith.
Your kobold brigand misses the wraith.
Your kobold barely misses the gnoll.
The gnoll hits you from afar with a +0 spear!
* * * LOW HITPOINT WARNING * * *
The wraith hits you!
* * * LOW HITPOINT WARNING * * *
The wraith drains your vigour!
You feel as though you will be slow longer.
The gnoll sergeant hits you from afar with a +3 spear of flaming.
* * * LOW HITPOINT WARNING * * *
The gnoll sergeant burns you.
* * * LOW HITPOINT WARNING * * *
Your kobold hits the gnoll but does no damage.
Your kobold brigand hits the wraith with a +0 dagger.
Your kobold hits the gnoll but does no damage.
You swap places.
The gnoll hits you from afar with a +0 spear.
* * * LOW HITPOINT WARNING * * *
The wraith hits you.
You die...

#### ### #.. ..
#.# .## #
#######K##...#.#
#.....KKYg......
#.#####@##.K....
#[# #KWggg.... #.#
#.KgY.....
###.#####.###5....
###......##.# ....
#.........#.# ...
#.#.#.##..#.. .#
#.#.#.##..##. #
######.#.......# .


You could see a wraith (ally target), an ice beast, a gnoll sergeant, 4 gnolls,
a white imp, a friendly sky beast (summoned), a friendly kobold brigand
(summoned) and 4 friendly kobolds.

Vanquished Creatures
  Sigmund (D:6)
  2 wyverns (D:7)
  A steam dragon (D:6)
  A water moccasin (D:5)
  An ice beast (D:6)
  A black bear (D:5)
  2 ogres
  2 centaurs (D:5)
  3 phantoms
  Blork the orc (D:6)
  2 kobold brigands
  A necrophage (D:5)
  5 bullfrogs
  4 scorpions (D:5)
  2 hounds
  3 orc priests
  Crazy Yiuf (D:3)
  2 jellies
  5 iguanas
  4 orc wizards
  15 adders
  8 gnolls
  6 river rats (Sewer)
  3 worms
  4 dart slugs
  24 orcs
  8 bats
  7 endoplasms
  6 giant cockroaches
  12 goblins
  6 hobgoblins
  4 jackals (D:2)
  15 kobolds
  4 quokkas
  17 ball pythons
  3 frilled lizards
  30 rats
216 creatures vanquished.

Vanquished Creatures (collateral kills)
  A ball python (D:4)
1 creature vanquished.

Grand Total: 217 creatures vanquished

Notes
Turn   | Place    | Note
-------+----------+-------------------------------------------
     0 | D:1      | theswoord the Demonspawn Gladiator began the quest for the
                  | Orb.
     0 | D:1      | Reached XP level 1. HP: 16/16 MP: 1/1
   116 | D:1      | Gained mutation: A meltable shield of frost defends you.
                  | (SH +0) [demonic ancestry]
   116 | D:1      | Reached XP level 2. HP: 20/22 MP: 2/2
   526 | D:1      | Reached XP level 3. HP: 27/27 MP: 3/3
  1727 | D:2      | Gained mutation: You have large cloven feet. [demonic
                  | ancestry]
  1727 | D:2      | Reached XP level 4. HP: 33/33 MP: 4/4
  2203 | D:3      | Reached skill level 5 in Staves
  2275 | D:3      | Found Urol's Antique Weapon Shoppe.
  2324 | D:3      | Reached XP level 5. HP: 38/38 MP: 5/5
  2389 | D:3      | Reached skill level 1 in Necromancy
  2565 | D:3      | Found a runed translucent door.
  2566 | D:3      | Noticed Crazy Yiuf
  2617 | D:3      | Killed Crazy Yiuf
  2789 | D:4      | Found a shadowy altar of Dithmenos.
  2806 | D:4      | You fall into a shaft and drop 1 floor!
  2806 | D:5      | Entered Level 5 of the Dungeon
  2842 | D:5      | Noticed a water moccasin
  2846 | D:5      | Gained mutation: You have hoof-like feet. [demonic
                  | ancestry]
  2846 | D:5      | Reached XP level 6. HP: 38/44 MP: 6/6
  2851 | D:5      | Killed a water moccasin
  3183 | D:5      | Reached XP level 7. HP: 26/50 MP: 7/7
  3377 | D:5      | Reached skill level 5 in Necromancy
  3626 | D:5      | Found a staircase to the Ecumenical Temple.
  3638 | D:5      | Gained mutation: You sometimes gain a little power by
                  | taking damage. [demonic ancestry]
  3638 | D:5      | Reached XP level 8. HP: 53/56 MP: 8/8
  3647 | Temple   | Entered the Ecumenical Temple
  3647 | Temple   | Found a transporter.
  3647 | Temple   | Found a transporter.
  3650 | Temple   | Found a transporter.
  3650 | Temple   | Found a transporter.
  3810 | D:4      | Identified a scroll of acquirement
  3810 | D:4      | Acquired a +3 lajatang of electrocution
  4663 | D:6      | Found a glowing drain.
  4697 | Sewer    | Entered a sewer
  5299 | D:6      | Gained mutation: You have hooves in place of feet. [demonic
                  | ancestry]
  5299 | D:6      | Reached XP level 9. HP: 35/61 MP: 9/9
  5507 | D:6      | Identified the amulet "Goj Anlo" {RegenMP Harm Rampage
                  | Fragile Dex+4}
  5531 | D:6      | Noticed Blork the orc
  5536 | D:6      | Killed Blork the orc
  6047 | D:6      | Noticed Sigmund
  6053 | D:6      | Killed Sigmund
  6649 | D:7      | HP: 2/61 [gnoll/+0 spear[a gnoll sergeant] (7)]
  6649 | D:7      | Slain by a wraith

Skill      XL: |  1  2  3  4  5  6  7  8  9 |
---------------+----------------------------+-----
Staves         | 3 4 5 6 7 8 9 |  9.8
Necromancy     | 2 4 5 8 9 |  9.7
Fighting       | |  2.0
Throwing       | |  1.7
Dodging        | |  2.6

Action                     |  1- 3 |  4- 6 |  7- 9 || total
---------------------------+-------+-------+-------++-------
  Melee: Quarterstaff      |   140 |   128 |    55 ||   323
         Kick              |       |    23 |    80 ||   103
         Lajatang          |       |       |   265 ||   265
  Throw: Throwing net      |       |     1 |     2 ||     3
    Use: Scroll            |     4 |     3 |    12 ||    19
         Potion            |       |       |     4 ||     4
   Stab: Sleeping          |     3 |       |       ||     3
 Armour: Leather armour    |    28 |       |       ||    28
         Scale mail        |    14 |    50 |   159 ||   223
  Dodge: Dodged            |   101 |    63 |   193 ||   357
  Block: Other             |    17 |    23 |    77 ||   117

Levels and vault maps discovered:
D:1:      dpeg_arrival_subterranean_lakeside_camping, layout_loops_corners,
          serial_forest, infiniplex_forest_end_3, infiniplex_forest_clump_tiny,
          infiniplex_forest_straight_3, infiniplex_forest_straight_5,
          infiniplex_forest_end_3, infiniplex_forest_join,
          infiniplex_forest_join, infiniplex_forest_straight_4
D:2:      layout_loops_ring
D:3:      layout_basic, serial_shops, nicolae_diamond_shop,
          uniq_crazy_yiuf_cottage
D:4:      layout_rooms, mainiacjoe_overflow_chevrons, minmay_between
D:5:      kennysheep_six_static_rooms, layout_rooms,
          minmay_temple_entry_sparse_star, kennysheep_generic_room_10
D:6:      layout_loops_corners, cheibrodos_sewer_entry_drain, uniq_sigmund,
          uniq_blork_the_orc
D:7:      layout_loops_corners
Temple:   hellmonk_temple_divided_pantheon
